 Dungeon Crawl Stone Soup version 0.31-a0-1576-ga3383bade6 (webtiles) character file.

Game seed: 10539475883764903186

14385 jasper the Arsonist (level 11, -4/72 HPs)
             Began as a Deep Elf Cinder Acolyte on Jan 4, 2024.
             Was a Believer of Ignis.
             Slain by a yak (9 damage)
             ... on level 1 of the Lair of Beasts.
             The game lasted 00:17:58 (15546 turns).

jasper the Arsonist (Deep Elf Cinder Acolyte)      Turns: 15546, Time: 00:17:58

Health: -4/72      AC: 17    Str: 11    XL:     11   Next: 88%
Magic:  9/20       EV: 15    Int: 24    God:    Ignis [**....]
Gold:   407        SH:  4    Dex: 10    Spells: 14/19 levels left

rFire   . . .        q - +3 hand axe (freeze)
rCold   + + .        E - +0 buckler
rNeg    . . .        V - +1 ice dragon scales
rPois   .            m - +0 helmet
rElec   .            C - +2 cloak
rCorr   .            (no gloves)
SInv    .            l - +0 pair of boots
Will    +....        (no amulet) Stlth
                     p - +4 ring of slaying
HPRegen 0.32/turn    K - +5 ring of evasion
MPRegen 0.17/turn

%: no passive effects
@: no status effects
A: no striking features
a: Renounce Religion, Fiery Armour, Foxfire Swarm, Rising Flame


You were on level 1 of the Lair of Beasts.
You worshipped Ignis.
Ignis was pleased with you.
You visited 2 branches of the dungeon, and saw 14 of its levels.

You collected 785 gold pieces.
You spent 378 gold pieces at shops.

Inventory:

Hand Weapons
 a - a -1 spear of flaming
 q - a +3 hand axe of freezing (weapon)
Missiles
 H - 4 curare-tipped darts
Armour
 l - a +0 pair of boots (worn)
 m - a +0 helmet (worn)
 C - a +2 cloak (worn)
 D - a +0 troll leather armour
 E - a +0 buckler (worn)
 J - a +1 ring mail of poison resistance
 O - the +5 kite shield "Atzueskue" {rF+ Dex+4}
   (You found it on level 11 of the Dungeon)

   Dex+4:     It affects your dexterity (+4).
   rF+:       It protects you from fire.
 R - +0 steam dragon scales
 V - +1 ice dragon scales (worn)
Magical Staves
 c - a staff of earth
 z - a staff of cold
Jewellery
 b - a ring of fire
 p - a +4 ring of slaying (left hand)
 K - a +5 ring of evasion (right hand)
 T - a +6 ring of strength
 X - a ring of see invisible
Wands
 v - a wand of flame (34)
 F - a wand of paralysis (15)
 W - a wand of iceblast (12)
 Z - a wand of light (1)
Scrolls
 n - 2 scrolls of teleportation
 y - a scroll of torment
 A - a scroll of amnesia
 G - 7 scrolls of immolation
 I - 4 scrolls of identify
 L - a scroll of poison
 N - 2 scrolls of enchant armour
 S - a scroll of fear
 U - 2 scrolls of blinking
 Y - a scroll of fog
Potions
 e - a potion of mutation
 f - 8 potions of degeneration
 g - 3 potions of haste
 h - a potion of ambrosia
 i - 3 potions of enlightenment
 j - a potion of berserk rage
 k - 2 potions of brilliance
 r - a potion of lignification
 s - a potion of curing
 t - 2 potions of might
 w - 2 potions of cancellation
 B - a potion of magic
 M - 3 potions of heal wounds
 P - a potion of resistance
 Q - a potion of attraction


   Skills:
 - Level 10.0 Fighting
 - Level 2.1 Polearms
 * Level 3.7 Armour
 - Level 10.0 Dodging
 - Level 4.4 Shields
 + Level 4.9 Spellcasting
 - Level 5.0 Necromancy
 - Level 10.0 Fire Magic
 - Level 5.0 Evocations


You had 14 spell levels left.
You knew the following spells:

 Your Spells              Type           Power      Damage    Failure   Level
a - Scorch                Fire           100%       2d9       2%          2
b - Vampiric Draining     Necr           29%        2d8       36%         3

Your spell library contained the following spells:

 Spells                   Type           Power      Damage    Failure   Level
 Kiss of Death            Conj/Necr      68%        2d10      34%         1
 Slow                     Hex            20%        N/A       69%         1
 Dispel Undead            Necr           29%        3d13      77%         4
 Lesser Beckoning         Tloc           10%        N/A       83%         2
 Confusing Touch          Hex            5%         N/A       96%         3
 Gell's Gravitas          Tloc           5%         N/A       96%         3
 Sigil of Binding         Hex            5%         N/A       96%         3
 Teleport Other           Tloc           5%         N/A       96%         3


Dungeon Overview and Level Annotations

Branches:
Dungeon (13/15)            Temple (0/1) D:7            Lair (1/5) D:11
    Orc (0/2) D:10
 Vaults: D:13-14

Altars:
Kikubaaqudgha
Okawaru
Uskayaw
Vehumet
Wu Jian

Shops:
D:6 *   D:8 !

Annotations:
D:5 3 runed translucent doors, Azoth's ghost, novice DrFi


Message History

The yak gores you.
* * * LOW HITPOINT WARNING * * *
You slash the yak! You freeze the yak.
The yak is almost dead.
The yak misses you. The yak gores you.
* * * LOW HITPOINT WARNING * * *
You barely miss the yak.
The yak is almost dead.
The yak misses you.
You slash the yak! You freeze the yak.
You kill the yak!
You hit the yak. You freeze the yak.
The yak is moderately wounded.
The yak gores you but does no damage.
You take 10 damage, and have 7/72 hp.
You regained 2 mp, and now have 12/20 mp.
You hit the yak. You freeze the yak.
The yak is moderately wounded.
The yak gores you.
* * * LOW HITPOINT WARNING * * *
The yak misses you.
You slash the yak! You freeze the yak.
The yak is severely wounded.
The yak misses you.
You take 3 damage, and have 4/72 hp.
You slash the yak! You freeze the yak.
The yak is almost dead.
The yak misses you.
Casting: Scorch (safe; 2% risk of failure)
Press: ? - help, Q - select action, (/) - cycle Dir - look around, f - activate Flames lash the yak.
You kill the yak!
You now have 10/20 mp.
Casting: Scorch (safe; 2% risk of failure)
Press: ? - help, Q - select action, (/) - cycle Dir - look around, f - activate Flames lash the yak.
The yak is moderately wounded.
The yak's fire resistance burns away.
The yak gores you!
You die...

.. ##.........#
##........#
##........##
#.........#
##........#
#.......##
##......####.##
#.#.#.รท......#
#####@########
##Y# ##### #..#
##....####.#
...........#
##.......#
##......##
##Y.....#
#......P#


You could see a yak (combustible).

Vanquished Creatures
  2 boulder beetles
  An ugly thing (D:13)
  A cyclops (D:11)
  2 unseen horrors (D:11)
  A cane toad (Lair:1)
  3 komodo dragons
  2 kobold demonologists (D:11)
  A rime drake (Lair:1)
  Psyche (D:9)
  4 trolls
  Grinder (D:3)
  20 yaks
  4 wyverns
  A vampire (D:10)
  A spriggan (shapeshifter) (D:13)
  A shadow (D:10)
  A wraith (D:10)
  A basilisk (D:11)
  2 vampire mosquitoes (D:12)
  2 steam dragons (D:11)
  An acid dragon (D:11)
  2 sky beasts (D:7)
  2 orc warriors
  4 black bears
  An ice beast (D:5)
  2 wolves (Lair:1)
  An ogre (D:10)
  2 centaurs
  A phantom (D:5)
  12 kobold brigands
  A gnoll sergeant (D:10)
  2 scorpions
  2 bullfrogs
  7 killer bees
  7 jellies
  2 bombardier beetles
  A hound (D:6)
  Crazy Yiuf (D:3)
  7 orc priests
  6 iguanas
  Terence (D:3)
  A sleepcap (D:7)
  5 orc wizards
  Robin (D:3)
  6 adders
  10 gnolls
  2 white imps
  3 ribbon worms
  3 dart slugs (D:1)
  44 orcs
  5 bats
  4 endoplasms
  4 giant cockroaches
  14 goblins
  12 hobgoblins
  7 quokkas
  9 ball pythons
  3 frilled lizards
  29 kobolds
  6 rats
285 creatures vanquished.

Notes
Turn   | Place    | Note
-------+----------+-------------------------------------------
     0 | D:1      | jasper the Deep Elf Cinder Acolyte began the quest for the
                  | Orb.
     0 | D:1      | Reached XP level 1. HP: 13/13 MP: 5/5
   257 | D:1      | Reached XP level 2. HP: 15/18 MP: 7/7
   629 | D:1      | Reached XP level 3. HP: 22/22 MP: 8/8
   836 | D:1      | Learned a level 2 spell: Scorch
   994 | D:2      | Reached skill level 5 in Fire Magic
  1467 | D:2      | Reached XP level 4. HP: 27/27 MP: 0/9
  1844 | D:2      | Found a hide-covered altar of Uskayaw.
  2540 | D:3      | Found a runed translucent door.
  2541 | D:3      | Noticed Crazy Yiuf
  2674 | D:3      | Noticed Robin
  2678 | D:3      | Killed Robin
  2679 | D:3      | Reached XP level 5. HP: 31/31 MP: 1/10
  2729 | D:3      | Noticed Grinder
  2761 | D:3      | Found an ancient bone altar of Kikubaaqudgha.
  2808 | D:3      | Noticed Terence
  2812 | D:3      | Killed Terence
  2964 | D:3      | Paralysed by Grinder for 2 turns
  2966 | D:3      | Killed Grinder
  2967 | D:3      | Reached XP level 6. HP: 14/36 MP: 2/11
  3263 | D:3      | Paralysed by Crazy Yiuf for 1 turns
  3265 | D:3      | Killed Crazy Yiuf
  3711 | D:4      | Reached XP level 7. HP: 40/40 MP: 7/12
  4067 | D:4      | Reached skill level 10 in Fire Magic
  4067 | D:4      | Reached skill level 1 in Dodging
  4068 | D:4      | Reached skill level 1 in Evocations
  4216 | D:4      | You fall into a shaft and drop 3 floors!
  4390 | D:6      | Reached XP level 8. HP: 45/45 MP: 8/13
  4394 | D:6      | Learned a level 3 spell: Vampiric Draining
  4416 | D:6      | Reached skill level 1 in Necromancy
  5149 | D:6      | Found Suc Xala's Serpentskin Sales.
  5231 | D:6      | Bought a +1 ring mail of poison resistance for 169 gold
                  | pieces
  5359 | D:5      | Entered Level 5 of the Dungeon
  5532 | D:5      | Found an ornate altar of the Wu Jian Council.
  5649 | D:5      | Identified the +9 quarterstaff of Crawling {pain, Int+3}
  5650 | D:5      | Found a runed translucent gate.
  5650 | D:5      | Found a runed translucent gate.
  5650 | D:5      | Found a runed translucent gate.
  6707 | D:5      | Noticed Azoth's ghost (novice DrFi)
  7034 | D:7      | Reached skill level 5 in Necromancy
  7113 | D:7      | Reached XP level 9. HP: 52/52 MP: 3/14
  7437 | D:7      | Identified the +0 scale mail "Xoad" {Harm rPois SInv}
  7538 | D:7      | Reached skill level 5 in Dodging
  7621 | D:7      | Found a staircase to the Ecumenical Temple.
  8242 | D:7      | Reached skill level 5 in Evocations
  9272 | D:8      | Found Gurateog's Distillery.
  9302 | D:8      | Bought a potion of curing for 33 gold pieces
  9302 | D:8      | Bought a potion of curing for 33 gold pieces
  9302 | D:8      | Bought a potion of heal wounds for 55 gold pieces
  9302 | D:8      | Bought a potion of magic for 88 gold pieces
  9636 | D:8      | Reached skill level 5 in Fighting
 10182 | D:9      | Noticed Psyche
 10187 | D:9      | Killed Psyche
 10303 | D:9      | Identified the +10 short sword of the Dowdy God {freeze,
                  | +Blink Str+3 Dex+2}
 10313 | D:9      | Reached XP level 10. HP: 60/60 MP: 2/15
 11217 | D:10     | Entered Level 10 of the Dungeon
 11283 | D:10     | Found an iron altar of Okawaru.
 11627 | D:10     | Found a staircase to the Orcish Mines.
 12220 | D:10     | Reached skill level 10 in Dodging
 12440 | D:11     | Identified the +5 kite shield "Atzueskue" {rF+ Dex+4}
 13068 | D:11     | Reached XP level 11. HP: 49/71 MP: 7/16
 13384 | D:11     | Found a staircase to the Lair.
 13604 | D:11     | Found a radiant altar of Vehumet.
 13755 | D:11     | Reached skill level 10 in Fighting
 13984 | D:11     | Reached skill level 1 in Shields
 14459 | D:12     | Noticed a boulder beetle
 14479 | D:12     | Noticed a boulder beetle
 14585 | D:13     | Noticed a green ugly thing
 14591 | D:13     | Killed a green ugly thing
 14815 | D:13     | Noticed a boulder beetle
 14853 | D:13     | Killed a boulder beetle
 15036 | D:13     | Noticed a death knight
 15036 | D:13     | Noticed a skeletal warrior
 15140 | Lair:1   | Entered Level 1 of the Lair of Beasts
 15278 | Lair:1   | Noticed a boulder beetle
 15284 | Lair:1   | Reached skill level 1 in Armour
 15302 | Lair:1   | Killed a boulder beetle
 15542 | Lair:1   | HP: 3/72 [yak (4)]
 15546 | Lair:1   | Slain by a yak

Illustrated notes

Levels and vault maps discovered:
D:1:      elethiomel_arrival_shortcut, layout_basic
D:2:      minmay_evil_eye, layout_basic, basic_altar
D:3:      layout_rooms, kiku_gazebo_pond_becter, uniq_grinder, uniq_terence,
          uniq_crazy_yiuf_cottage, uniq_robin
D:4:      layout_basic
D:5:      layout_cave_pools, lemuel_crystal_altar, serial_co_window_serial,
          co_window_cross_1, co_window_paths_a, co_window_of_opportunity_a,
          co_window_of_opportunity_a, co_window_paths_b, co_window_paths_b,
          co_window_paths_a, co_window_corner_cb, co_window_of_opportunity_b,
          co_window_2corner, gammafunk_ghost_icy, chequers_serial_rivers_room_a
D:6:      layout_basic, guppyfry_shop_venom
D:7:      layout_layer_cave, minmay_temple_entry_enclosed_plants
D:8:      layout_loops_ring, serial_shops, shop_statue
D:9:      layout_basic, nicolae_concentric_dashed_squares_wild, moated_statue,
          blue_anna_alchemist, uniq_psyche
D:10:     layout_roguey, nicolae_overflow_hidden_temple,
          kennysheep_orc_monster_closet_entryway
D:11:     cheibrodos_steamvent, layout_loops_ring, erik_lair_dragon,
          vehumet_altar_wand_db
D:12:     layout_cave_pools
D:13:     layout_basic, erik_vaults_1, uniq_snorg, uniq_urug
Lair:1:   layout_cave_pods, grunt_megastairs_2, lemuel_fruit_tree

Skill      XL: |  1  2  3  4  5  6  7  8  9 10 11 |
---------------+----------------------------------+-----
Spellcasting   | 2 4 |  4.9
Fire Magic     | 4 5 6 8 10 | 10.0
Dodging        | 2 4 8 10 | 10.0
Evocations     | 1 4 5 |  5.0
Fighting       | 4 6 9 10 | 10.0
Necromancy     | 5 |  5.0
Shields        | 4 |  4.4
Armour         | 3 |  3.7
Polearms       | |  2.1

Action                     |  1- 3 |  4- 6 |  7- 9 | 10-12 || total
---------------------------+-------+-------+-------+-------++-------
  Melee: Spear             |    67 |     5 |       |       ||    72
         Hand axe          |       |    20 |       |    65 ||    85
         Quarterstaff      |       |       |    72 |    69 ||   141
         Unarmed           |       |       |       |     6 ||     6
   Cast: Scorch            |    14 |    60 |   182 |   187 ||   443
         Vampiric Draining |       |       |       |     9 ||     9
 Invoke: Fiery Armour      |     1 |       |     3 |     5 ||     9
  Evoke: Wand              |       |       |       |     8 ||     8
    Use: Scroll            |       |     9 |       |    18 ||    27
         Potion            |       |       |       |    11 ||    11
   Stab: Paralysed         |       |       |       |     3 ||     3
 Armour: Leather armour    |    27 |       |       |       ||    27
         Robe              |     3 |       |       |       ||     3
         Ring mail         |       |    24 |   113 |    52 ||   189
         Steam dragon scal |       |       |       |    57 ||    57
         Ice dragon scales |       |       |       |    51 ||    51
         Skin              |       |       |       |    11 ||    11
  Dodge: Dodged            |    39 |    16 |   110 |   198 ||   363
  Block: Buckler           |       |       |       |    18 ||    18

Table legend: (Time is in decaauts)
 A = Elapsed time spent in this place.
 B = Non-inter-level travel time spent in this place.
 C = Inter-level travel time spent in this place.
 D = Time resting spent in this place.
 E = Time spent auto-exploring this place.
 F = Levels seen in this place.
 G = Mean time per level.
                   A        B        C        D        E       F      G
               +--------+--------+--------+--------+--------+-----+--------+
         Total |  15604 |  15020 |    584 |    578 |  12589 |  14 | 1114.6 |
       Dungeon |  15183 |  14600 |    583 |    504 |  12384 |  13 | 1167.9 |
          Lair |    421 |    421 |      0 |     74 |    205 |   1 |  421.0 |
               +--------+--------+--------+--------+--------+-----+--------+

Top non-repeatable levels by time:
    D:11: 1959 daAuts
     D:7: 1846 daAuts
     D:2: 1512 daAuts
     D:9: 1466 daAuts
     D:5: 1389 daAuts
     D:6: 1269 daAuts
    D:10: 1192 daAuts
     D:3: 1022 daAuts
     D:4: 972 daAuts
     D:8: 907 daAuts
     D:1: 857 daAuts
    D:13: 562 daAuts
  Lair:1: 421 daAuts
    D:12: 226 daAuts
